 Dungeon Crawl Stone Soup version 0.16-a0-3134-g9b1347a (webtiles) character file.

38 rgtbctltpx the Gusty (level 3, -4/16 HPs)
             Began as a Vine Stalker Air Elementalist on Dec 14, 2014.
             Slain by Crazy Yiuf
             ... wielding a +3 quarterstaff of chaos
              (9 damage)
             ... on level 2 of the Dungeon.
             The game lasted 00:19:40 (1719 turns).

rgtbctltpx the Gusty (VSAE)                         Turns: 1719, Time: 00:19:41

Health: -4/16      AC:  6    Str: 10    XL:     3   Next: 43%
Magic:  0/7        EV: 12    Int: 16    God:
Gold:   104        SH:  0    Dex: 14    Spells: 1 memorised, 6 levels left

rFire  . . .     SeeInvis .     v - +0 spear
rCold  . . .     Clarity  .     a - +0 robe
rNeg   . . .     SustAb   .     (no shield)
rPois  .         Gourm    .     (no helmet)
rElec  .         Spirit   +     i - +2 cloak
rCorr  .         Warding  .     l - +0 pair of gloves
rMut   .         Stasis   .     (no boots)
MR     .....                    (no amulet)
Stlth  ++........               (no ring)
                                (no ring)

@: not resistant to hostile enchantments, unstealthy
A: fangs 2, regeneration 1, magic shield, antimagic bite, no device heal 3, rot
immunity
a: no special abilities


You were on level 2 of the Dungeon.
You were not hungry.

You visited 1 branch of the dungeon, and saw 2 of its levels.

You collected 104 gold pieces.

Inventory:

Hand weapons
 v - a +0 spear (weapon)
Missiles
 e - 42 bolts
Armour
 a - a +0 robe (worn)
 i - a +2 cloak (worn)
 l - a +0 pair of gloves (worn)
Jewellery
 u - a cursed -2 ring of evasion {unknown}
Scrolls
 d - a scroll of magic mapping {unknown}
 f - 3 scrolls of identify {unknown}
 g - 2 scrolls of random uselessness {unknown}
 j - a scroll of fear {unknown}
 m - a scroll of noise {unknown}
 o - a scroll of immolation {unknown}
 r - 2 scrolls of remove curse {unknown}
 t - a scroll of enchant armour {unknown}
Potions
 h - 3 potions of curing {unknown}
 k - 2 potions of brilliance {unknown}
 s - a potion of agility {unknown}
Books
 b - a book of Air

   Spells                             Type                      Level
   a - Shock                          Conjuration/Air              1
   b - Swiftness                      Charms/Air                   2
   c - Repel Missiles                 Charms/Air                   2
   d - Flight                         Charms/Air                   3
   e - Static Discharge               Conjuration/Air              3
   f - Lightning Bolt                 Conjuration/Air              5
Comestibles
 c - 2 bread rations
 n - a beef jerky
 p - a meat ration
 q - 2 fruits


   Skills:
 + Level 1.7 Dodging
 + Level 2.8 Stealth
 + Level 2.9 Spellcasting
 + Level 1.1 Conjurations
 + Level 3.6 Air Magic


You had 6 spell levels left.
You knew the following spells:

 Your Spells              Type           Power        Failure   Level  Hunger
a - Shock                 Conj/Air       #...         10%         1    #......


Dungeon Overview and Level Annotations

Branches:
Dungeon (2/15)

Altars:

Annotations:
D:2 Crazy Yiuf


Innate Abilities, Weirdness & Mutations

You have extremely sharp teeth.
Your natural rate of healing is unusually fast.
When hurt, damage is shared between your health and your magic reserves.
Your bite disrupts and absorbs the magic of your enemies.
Potions and wands cannot restore your health.
You are immune to rotting.


Message History

Casting: Shock
Confirm with . or Enter, or press ? or * to list all spells.
Aiming: Shock
Press: ? - help, Shift-Dir - straight line, f/p - Crazy Yiuf
Aim: Crazy Yiuf, wielding a quarterstaff of chaos, wearing an embroidered cloak and carrying a wand of flame {zapped: 2} (moderately wounded)
The zap hits Crazy Yiuf.
Crazy Yiuf is heavily wounded.
Crazy Yiuf zaps a wand.
The puff of flame hits you!
Ouch! That really hurt!
Casting: Shock
Confirm with . or Enter, or press ? or * to list all spells.
Aiming: Shock
Press: ? - help, Shift-Dir - straight line, f/p - Crazy Yiuf
Aim: Crazy Yiuf, wielding a quarterstaff of chaos, wearing an embroidered cloak and carrying a wand of flame {zapped: 3} (heavily wounded)
The zap misses Crazy Yiuf.
You hit Crazy Yiuf. You bite Crazy Yiuf, but do no damage.
Crazy Yiuf is heavily wounded.
Crazy Yiuf hits you with a quarterstaff of chaos!
Ouch! That really hurt!
You die...

##### #..)# #...# ...
############ #g#
...†.......# ♣♣@♣
..########## ♣.♣♣
#.####.....# ♣♣.♣
#....#.....# ♣.♣♣
#..#.#.....# ♣♣.♣♣
##.........# ♣...♣♣
#...#.....# ♣....♣
##.........# #....# #
.†)#.#.....###....####.#


You could see Crazy Yiuf.

Vanquished Creatures
  11 bats
  2 giant cockroaches (D:1)
  5 goblins
  3 hobgoblins
  A quokka (D:2)
  3 giant geckos (D:1)
  4 kobolds
  4 rats (D:1)
33 creatures vanquished.

Notes
Turn   | Place    | Note
--------------------------------------------------------------
     0 | D:1      | rgtbctltpx, the Vine Stalker Air Elementalist, began the quest for the Orb.
     0 | D:1      | Reached XP level 1. HP: 9/9 MP: 3/3
   382 | D:1      | Reached XP level 2. HP: 13/13 MP: 0/6
  1205 | D:1      | Reached XP level 3. HP: 16/16 MP: 2/7
  1712 | D:2      | Noticed Crazy Yiuf
  1719 | D:2      | Slain by Crazy Yiuf

Action                   || total
-------------------------++-------
Melee: Unarmed           ||    32
       Spear             ||     1
 Cast: Shock             ||    63
  Eat: Bread ration      ||     1
       Fruit             ||     1
